 Dungeon Crawl Stone Soup version 0.31-a0-1-g4198be8af4 (webtiles) character file.

Game seed: 15007322855357806649

262 Lavandula the Stinger (level 5, -3/35 HPs)
             Began as a Mummy Venom Mage on May 3, 2023.
             Slain by Sigmund
             ... wielding a +0 scythe
              (10 damage)
             ... on level 5 of the Dungeon.
             The game lasted 00:09:09 (3988 turns).

Lavandula the Stinger (Mummy Venom Mage)            Turns: 3988, Time: 00:09:10

Health: -3/35      AC:  4    Str: 17    XL:     5   Next: 97%
Magic:  9/10       EV: 12    Int: 16    God:
Gold:   195        SH:  0    Dex: 13    Spells: 1/11 levels left

rFire   x . .        c - +1 whip
rCold   + . .        (no shield)
rNeg    + + +        a - +0 robe
rPois   ∞            (no helmet)
rElec   .            (no cloak)
rCorr   .            (no gloves)
SInv    .            l - +1 pair of boots
Will    .....        (no amulet)
Stlth   ++           m - +6 ring of strength
HPRegen 0.25/turn    (no ring)
MPRegen 0.12/turn

%: faith
@: no status effects
A: cold resistance 1, negative energy resistance 3, torment resistance 2, heat
vulnerability 1, in touch with death 1, no potions, faith
a: no special abilities


You were on level 5 of the Dungeon.
You visited 1 branch of the dungeon, and saw 6 of its levels.

You collected 195 gold pieces.

Inventory:

Hand Weapons
 c - a +1 whip (weapon)
Missiles
 e - 4 poisoned darts
Armour
 a - a +0 robe (worn)
 l - a +1 pair of boots (worn)
Jewellery
 m - a +6 ring of strength (left hand)
Scrolls
 b - a scroll of blinking
 d - a scroll of enchant weapon
 f - a scroll of enchant armour
 g - a scroll of poison
 h - 2 scrolls of immolation
 i - 2 scrolls of fog
 j - 2 scrolls of amnesia
 k - a scroll of identify
 n - a scroll of magic mapping


   Skills:
 - Level 1.5 Dodging
 - Level 1.5 Stealth
 - Level 3.9 Spellcasting
 - Level 0.7 Transmutations
 + Level 5.2 Poison Magic


You had one spell level left.
You knew the following spells:

 Your Spells              Type           Power      Damage    Failure   Level
a - Sting                 Tmut/Pois      48%        1d5       4%          1
b - Poisonous Vapours     Pois/Air       22%        N/A       9%          2
c - Mephitic Cloud        Conj/Pois/Air  8%         N/A       26%         3
d - Olgreb's Toxic Radia  Pois           19%        N/A       21%         4

Your spell library contained the following spells:

 Spells                   Type           Power      Damage    Failure   Level


Dungeon Overview and Level Annotations

Branches:
Dungeon (6/15)
 Temple: D:4-7

Altars:
Ashenzari
Gozag

Shops:
D:1 *![   D:3 (   D:4 *

Annotations:
D:5 Sigmund
D:6 Grinder


Innate Abilities, Weirdness & Mutations

You are immune to poison.
Your flesh is cold resistant. (rC+)
You are immune to negative energy. (rN+++)
You are immune to unholy pain and torment.
You are vulnerable to heat. (rF-)
You are in touch with the powers of death.
You do not drink.
You have a special connection with the divine. (Faith)


Message History

Grinder hits you!
Unknown command.
You closely miss Grinder.
Grinder is lightly wounded.
Grinder hits you but does no damage.
Unknown command.
You barely miss Grinder.
Grinder is lightly wounded.
Grinder says, "What is the universe for?"
Grinder blinks!
Unknown command.
There is an open door here.
You close the door.
Grinder opens the door.
There is a stone staircase leading up here.
You climb upwards.
Level annotation: Sigmund
There is a stone staircase leading down here.
Sigmund shouts!
Sigmund mumbles some strange words.
Sigmund flickers and vanishes!
Deactivating autopickup; reactivate with Ctrl-A.
A puff of flame appears from out of thin air!
The puff of flame hits you! The fire burns you terribly!
* * * LOW HITPOINT WARNING * * *
You are confused.
A magic dart appears from out of thin air!
The magic dart hits you.
* * * LOW HITPOINT WARNING * * *
You feel less confused.
Okay, then.
As you read the scroll labelled WIL ZEILUTHE, it crumbles to dust.
It is a scroll of identify.
j - 2 scrolls of amnesia
As you read the scroll of identify, it crumbles to dust.
n - a scroll of magic mapping
As you read the scroll of identify, it crumbles to dust.
b - a scroll of blinking Something hits you!
You die...

...........###.##...............
......#>............>......#....
........#.#......#......(.###...
....##..#.####............###...
...# ##.... ##.....#............
.. ##...##..#...#.......##.$ .
#...Y..###..#.......#
#.......!#.........##
#........@...#....##
#######.#.....)##)# ####
#........# .# ...#...##
##.......# .. .......<#
##......# .........# ###...##
.........# ...# .Y.......# ...#
........##


You could see an ice beast.

Vanquished Creatures
  A scorpion (D:4)
  A hound (D:5)
  A jelly (D:4)
  2 orc wizards (D:5)
  2 adders
  2 worms (D:4)
  10 orcs
  4 endoplasms
  3 giant cockroaches (D:1)
  10 goblins
  8 hobgoblins
  2 kobolds (D:1)
  3 ball pythons
  3 bats
  4 frilled lizards
  6 rats
62 creatures vanquished.

Vanquished Creatures (others)
  2 fungi (D:2)
  4 toadstools (D:2)
6 creatures vanquished.

Grand Total: 68 creatures vanquished

Notes
Turn   | Place    | Note
-------+----------+-------------------------------------------
     0 | D:1      | Lavandula the Mummy Venom Mage began the quest for the Orb.
     0 | D:1      | Reached XP level 1. HP: 13/13 MP: 4/4
   178 | D:1      | Reached XP level 2. HP: 19/19 MP: 3/5
   222 | D:1      | Reached skill level 3 in Poison Magic
   251 | D:1      | Found Ryihuixe's Assorted Antiques.
   351 | D:1      | Found Loddir's Distillery.
   754 | D:1      | Found Mameucas's Armour Shop.
  1072 | D:2      | Learned a level 2 spell: Poisonous Vapours
  1215 | D:2      | Noticed a phantom
  1238 | D:3      | Gained mutation: You are in touch with the powers of death.
                  | [Mummy growth]
  1238 | D:3      | Reached XP level 3. HP: 15/24 MP: 4/7
  1499 | D:3      | Learned a level 3 spell: Mephitic Cloud
  1605 | D:3      | Found Lotiqaasodd's Antique Weapon Shoppe.
  2573 | D:4      | Reached skill level 4 in Poison Magic
  2646 | D:4      | Noticed a scorpion
  2654 | D:4      | Killed a scorpion
  2655 | D:4      | Reached XP level 4. HP: 23/30 MP: 2/8
  2893 | D:4      | Reached XP level 5. HP: 32/35 MP: 6/9
  3142 | D:4      | Found a broken altar of Ashenzari.
  3152 | D:4      | Found an opulent altar of Gozag.
  3152 | D:4      | Found Gozag's Platinum Reserve.
  3490 | D:4      | Learned a level 4 spell: Olgreb's Toxic Radiance
  3638 | D:5      | Entered Level 5 of the Dungeon
  3638 | D:5      | Noticed an ice beast
  3835 | D:5      | Reached skill level 5 in Poison Magic
  3922 | D:5      | Noticed Sigmund
  3944 | D:6      | Noticed Grinder
  3946 | D:6      | Paralysed by Grinder for 2 turns
  3988 | D:5      | Slain by Sigmund

Illustrated notes

Levels and vault maps discovered:
D:1:      dpeg_arrival_three_smaller_balls, layout_basic, serial_shops,
          nicolae_shop_crystal, nicolae_shop_crystal, shop
D:2:      layout_basic, minmay_gold_behind_fungi, minivault_19
D:3:      layout_loops_corners, serial_shops, shop
D:4:      layout_basic, nicolae_gozag_zags_fifth_avenue,
          ashenzari_conservatory_becter
D:5:      layout_rooms, uniq_sigmund
D:6:      layout_loops_corners, kennysheep_ying_yang, bloody_makhleb,
          mainiacjoe_overflow_boulevard, kennysheep_little_box,
          gammafunk_ghost_icy, uniq_grinder

Skill      XL: |  1  2  3  4  5 |
---------------+----------------+-----
Poison Magic   | 3 4 5 |  5.2
Spellcasting   | 3 |  3.9
Dodging        | |  1.5
Stealth        | |  1.5
Transmutations | |  0.7

Action                     |  1- 3 |  4- 6 || total
---------------------------+-------+-------++-------
  Melee: Unarmed           |    21 |       ||    21
         Whip              |    56 |    12 ||    68
         Punch             |     1 |       ||     1
   Cast: Sting             |    78 |    27 ||   105
         Olgreb's Toxic Ra |       |     3 ||     3
    Use: Scroll            |     5 |     4 ||     9
   Stab: Sleeping          |     1 |       ||     1
 Armour: Robe              |    22 |     6 ||    28
  Dodge: Dodged            |    67 |    10 ||    77

Table legend: (Time is in decaauts)
 A = Elapsed time spent in this place.
 B = Non-inter-level travel time spent in this place.
 C = Inter-level travel time spent in this place.
 D = Time resting spent in this place.
 E = Time spent auto-exploring this place.
 F = Levels seen in this place.
 G = Mean time per level.
                   A        B        C        D        E       F      G
               +--------+--------+--------+--------+--------+-----+--------+
         Total |   3993 |   3801 |    192 |    380 |   2706 |   6 |  665.5 |
       Dungeon |   3993 |   3801 |    192 |    380 |   2706 |   6 |  665.5 |
               +--------+--------+--------+--------+--------+-----+--------+

Top non-repeatable levels by time:
     D:3: 1147 daAuts
     D:4: 1091 daAuts
     D:1: 1067 daAuts
     D:2: 378 daAuts
     D:5: 286 daAuts
     D:6: 24 daAuts
